 Seeded DCSS version 0.31-a0-66-ge618eeaa78 (webtiles) character file.

Game seed: 12735965570273765983 (custom seed)

5178 Pimp the Skirmisher (level 10, -10/64 HPs)
             Began as a Tengu Hunter on May 22, 2023.
             Was an Elder of Okawaru.
             Mangled by Licon's ghost (23 damage)
             ... on level 8 of the Dungeon.
             The game lasted 00:09:42 (5304 turns).

Pimp the Skirmisher (Tengu Hunter)                  Turns: 5304, Time: 00:09:43

Health: -10/64     AC:  4    Str: 12    XL:     10   Next: 60%
Magic:  11/11      EV: 25    Int: 11    God:    Okawaru [****..]
Gold:   394        SH:  0    Dex: 20    Spells: 9/9 levels left

rFire   . . .        g - +8 storm bow {elec, penet}
rCold   + + .        (shield currently unavailable)
rNeg    . . .        c - +0 leather armour
rPois   .            d - +0 hat of Eternal Vigilance {rC++ SInv Stlth+}
rElec   .            (no cloak)
rCorr   .            i - +0 pair of gloves
SInv    +            (boots unavailable)
Will    .....        q - amulet of the acrobat
Stlth   +++          m - +5 ring of evasion
HPRegen 0.30/turn    F - +4 ring of slaying
MPRegen 0.12/turn

%: acrobat
@: flying quickly and evasively, studying 2 skills, quick
A: beak, talons 3, nimble flight
a: Renounce Religion, Heroism, Finesse


You were on level 8 of the Dungeon.
You worshipped Okawaru.
Okawaru was greatly pleased with you.
You visited 2 branches of the dungeon, and saw 9 of its levels.
You also visited: Ossuary.

You collected 394 gold pieces.

Inventory:

Hand Weapons
 a - a +0 shortbow
 g - the +8 storm bow (weapon) {elec, penet}
   (You acquired it on level 1 of the Dungeon)
Armour
 c - a +0 leather armour (worn)
 d - the +0 hat of Eternal Vigilance (worn) {rC++ SInv Stlth+}
   (You acquired it on level 1 of the Dungeon)

   rC:        It greatly protects you from cold.
   SInv:      It lets you see invisible.
   Stlth:     It makes you more stealthy.
 i - a +0 pair of gloves (worn)
Jewellery
 m - a +5 ring of evasion (left hand)
 p - a ring of magical power
 q - an amulet of the acrobat (around neck)
 F - a +4 ring of slaying (right hand)
 I - a ring of protection from cold
 K - a ring of magical power
Wands
 C - a wand of light (19)
 D - a wand of paralysis (11)
 L - a wand of iceblast (7)
 M - a wand of flame (14)
Scrolls
 b - 5 scrolls of immolation
 f - 6 scrolls of identify
 r - a scroll of amnesia {unknown}
 s - a scroll of blinking
 v - 2 scrolls of fear {unknown}
 w - 2 scrolls of torment {unknown}
 y - 2 scrolls of fog {unknown}
 B - 2 scrolls of enchant weapon {unknown}
 G - a scroll of enchant armour {unknown}
 H - 2 scrolls of teleportation {unknown}
 J - a scroll of silence {unknown}
Potions
 e - 9 potions of degeneration
 h - 6 potions of mutation
 j - 2 potions of berserk rage
 k - 3 potions of curing
 l - 2 potions of brilliance
 n - 3 potions of attraction {unknown}
 o - a potion of ambrosia {unknown}
 t - 2 potions of resistance {unknown}
 u - 2 potions of haste {unknown}
 x - 2 potions of might {unknown}
 z - a potion of enlightenment {unknown}
 A - 3 potions of heal wounds {unknown}
 E - 3 potions of cancellation {unknown}


   Skills:
 + Level 8.0 Fighting
 * Level 12.6 Ranged Weapons
 + Level 8.7 Dodging
 - Level 1.3 Stealth


You had 9 spell levels left.
You didn't know any spells.
Your spell library contained the following spells:

 Spells                   Type           Power      Damage    Failure   Level
 Magic Dart               Conj           0%         1d3       41%         1
 Dazzling Flash           Conj/Hex       0%         N/A       80%         3
 Mephitic Cloud           Conj/Pois/Air  0%         N/A       80%         3
 Volatile Blastmotes      Fire/Tloc      0%         2d10      80%         3
 Iskenderun's Mystic Bla  Conj/Tloc      0%         2d3       99%         4
 Starburst                Conj/Fire      0%         6d3       100%        6
 Call Imp                 Summ           Unusable   N/A       N/A         2

Dungeon Overview and Level Annotations

Branches:
Dungeon (8/15)             Temple (1/1) D:5         Ossuary (visited)
   Lair: D:8-11

Altars:
Dithmenos
Elyvilon
Fedhas
Gozag
Hepliaklqana
Nemelex Xobeh
Okawaru
Qazlal
Ru
Sif Muna
Uskayaw
Vehumet
Wu Jian
Xom
Yredelemnul

Shops:
D:3 ?   D:4 =

Portals:
Abyss: D:8

Annotations:
D:8 Licon's ghost, novice DgFi


Innate Abilities, Weirdness & Mutations

You have a beak for a mouth.
You have claws for feet.
Your magical nature lets you fly swiftly and evasively.


Message History

The small abomination misses you.
The small abomination closely misses you.
You shoot an arrow.
The arrow pierces through the small abomination!
The small abomination is heavily damaged.
The arrow pierces through Licon's ghost!
Licon's ghost is moderately damaged.
The small abomination closely misses you.
You shoot an arrow.
The arrow pierces through the small abomination!
Lightning courses through the small abomination!!
You destroy the small abomination!
Okawaru accepts your kill.
The arrow pierces through Licon's ghost but does no damage.
Licon's ghost is moderately damaged.
The arrow pierces through the orc warrior!
The orc warrior is heavily wounded.
You shoot an arrow. The arrow misses Licon's ghost.
The arrow pierces through the orc warrior!
The orc warrior is almost dead.
The orc warrior completely misses you. Licon's ghost closely misses you.
You shoot an arrow.
The arrow pierces through Licon's ghost!
Lightning courses through Licon's ghost!!
Licon's ghost is severely damaged.
The arrow pierces through the orc warrior!
You kill the orc warrior!
Okawaru accepts your kill. Licon's ghost hits you!!
* * * LOW HITPOINT WARNING * * *
Your Fighting skill increases to level 8!
You feel better. Licon's ghost completely misses you.
You shoot an arrow. The arrow closely misses Licon's ghost.
Licon's ghost hits you!
* * * LOW HITPOINT WARNING * * *
You shoot an arrow.
The arrow pierces through Licon's ghost but does no damage.
Licon's ghost is severely damaged.
Licon's ghost hits you!!
You die...

#...##∩#.###..##.##...##
#....#..#.©.######.....#
#....###:.[.##.......)..
#.?....#..#.#........).<
##.....#!..##..###[..)..
#....##.#.#..##$##..)>)
#...##.#).##.##..##....
#...#.#W.5.###.#4##.)..
#..##.@#.#....#.##.....
#..#.....##..## #......
#..#.###...##...#......
#..###.##.####4##....##
#.......###..###.....#
#....................#
#....................##
##############........#
########..


You could see Licon's ghost and a shadow imp.

Vanquished Creatures
  Erica (D:8)
  The ghost of BlueFish the Charlatan, a novice DrAr (D:6)
  A troll (D:5)
  2 steam dragons
  2 water moccasins
  2 ice beasts
  2 orc warriors (D:8)
  A sky beast (D:7)
  A small abomination (D:8)
  2 centaurs
  A phantom (D:5)
  3 kobold brigands (D:8)
  An elf zombie (D:4)
  5 bullfrogs
  A gnoll sergeant (D:7)
  5 scorpions
  9 wights
  3 killer bees (D:8)
  A howler monkey (D:6)
  A centaur zombie (D:4)
  6 hounds
  3 jellies
  2 sleepcaps
  A human zombie (D:4)
  Jessica (D:2)
  A human skeleton (D:4)
  4 iguanas
  8 orc wizards
  4 mummies (Ossuary)
  8 gnolls
  5 adders
  A shadow imp (D:5)
  2 white imps
  An ufetubus (D:4)
  An adder zombie (D:4)
  5 worms
  5 dart slugs
  33 orcs
  7 ball pythons
  7 endoplasms
  A giant cockroach (D:3)
  2 gnoll zombies (Ossuary)
  6 goblins
  10 hobgoblins
  7 jackals
  22 kobolds
  5 quokkas
  4 bats
  3 frilled lizards
  2 hobgoblin zombies (Ossuary)
  3 kobold zombies (Ossuary)
  3 orc skeletons (D:4)
  An orc zombie (Ossuary)
  4 rats
223 creatures vanquished.

Notes
Turn   | Place    | Note
-------+----------+-------------------------------------------
     0 | D:1      | Pimp the Tengu Hunter began the quest for the Orb.
     0 | D:1      | Reached XP level 1. HP: 12/12 MP: 2/2
    40 | D:1      | Identified 2 scrolls of acquirement
    40 | D:1      | Acquired the +8 storm bow {elec, penet}
    40 | D:1      | Found the +8 storm bow {elec, penet}
    42 | D:1      | Acquired the +0 hat of Eternal Vigilance {rC++ SInv Stlth+}
    60 | D:1      | Reached XP level 2. HP: 17/17 MP: 3/3
   386 | D:1      | Reached XP level 3. HP: 22/22 MP: 4/4
   678 | D:2      | Noticed Jessica
   679 | D:2      | Killed Jessica
   680 | D:2      | Reached skill level 5 in Ranged Weapons
   680 | D:2      | Reached XP level 4. HP: 27/27 MP: 5/5
   864 | D:2      | Found an opulent altar of Gozag.
  1019 | D:3      | Found Liryusam's Magic Scroll Emporium.
  1077 | D:3      | Gained mutation: Your magical nature lets you fly swiftly
                  | and evasively. [Tengu growth]
  1077 | D:3      | Reached XP level 5. HP: 24/32 MP: 6/6
  1462 | D:4      | Reached skill level 6 in Ranged Weapons
  1479 | D:4      | Found a sand-covered staircase.
  1484 | Ossuary  | Entered an ossuary
  1562 | Ossuary  | Reached XP level 6. HP: 37/37 MP: 7/7
  1721 | D:4      | Found a shadowy altar of Dithmenos.
  1791 | D:4      | Found a hazy altar of Hepliaklqana.
  1791 | D:4      | Found a blossoming altar of Fedhas.
  1842 | D:4      | Found a radiant altar of Vehumet.
  1936 | D:4      | Found a basalt altar of Yredelemnul.
  2003 | D:4      | Found Elafyh's Jewellery Emporium.
  2118 | D:4      | Reached XP level 7. HP: 43/43 MP: 8/8
  2219 | D:4      | Reached skill level 7 in Ranged Weapons
  2560 | D:5      | Entered Level 5 of the Dungeon
  2597 | D:5      | Reached skill level 5 in Dodging
  2694 | D:5      | Reached skill level 8 in Ranged Weapons
  2694 | D:5      | Reached XP level 8. HP: 48/48 MP: 9/9
  2694 | D:5      | Found an ornate altar of the Wu Jian Council.
  2727 | D:5      | Found a staircase to the Ecumenical Temple.
  2751 | Temple   | Entered the Ecumenical Temple
  2791 | Temple   | Became a worshipper of Warmaster Okawaru
  2998 | D:5      | Found a hide-covered altar of Uskayaw.
  3050 | D:5      | Noticed a troll
  3055 | D:5      | Killed a troll
  3056 | D:5      | Reached skill level 5 in Fighting
  3067 | D:5      | Reached * piety under Okawaru
  3068 | D:5      | Reached skill level 9 in Ranged Weapons
  3544 | D:6      | Reached XP level 9. HP: 55/55 MP: 10/10
  3577 | D:6      | Found a runed translucent door.
  3582 | D:6      | Noticed BlueFish's ghost (novice DrAr)
  3599 | D:6      | Reached ** piety under Okawaru
  3600 | D:6      | Reached skill level 10 in Ranged Weapons
  3604 | D:6      | Killed BlueFish's ghost
  3614 | D:6      | Found a runed translucent door.
  4205 | D:7      | Reached skill level 11 in Ranged Weapons
  4276 | D:7      | Reached *** piety under Okawaru
  4452 | D:7      | Found a white marble altar of Elyvilon.
  4466 | D:7      | Reached XP level 10. HP: 63/63 MP: 11/11
  4699 | D:8      | Reached **** piety under Okawaru
  4700 | D:8      | Reached skill level 12 in Ranged Weapons
  4809 | D:8      | Found a transporter.
  4818 | D:8      | Noticed Erica
  4821 | D:8      | Killed Erica
  5010 | D:8      | Found a sparkling altar of Nemelex Xobeh.
  5110 | D:8      | Found a one-way gate to the infinite horrors of the Abyss.
  5110 | D:8      | Noticed Licon's ghost (novice DgFi)
  5200 | D:8      | Identified the +3 sling of the Heavens {drain, rElec MP-9
                  | Dex+5 SInv}
  5304 | D:8      | Mangled by Licon's ghost

Illustrated notes

Levels and vault maps discovered:
D:1:      dpeg_arrival_long_road, layout_loops_cross, hex_tiny
D:2:      layout_rooms, basic_altar, uniq_jessica
D:3:      layout_rooms, serial_shops, shop, st_stairs_8, grunt_ministairs_10
D:4:      layout_basic, vehumet_crystals, lemuel_zombie_altar_yredelemnul,
          nicolae_dithmenos_shadow_blocks, nicolae_overflow_two_pavilions,
          serial_shops, kennysheep_mini, nicolae_ossuary_entry_catacombs
D:5:      layout_basic, nicolae_uskayaw_suspiria, mainiacjoe_overflow_boulevard,
          minmay_temple_entry_slanted, minmay_manual_monstrance
D:6:      layout_loops_ring, ebering_ghost_sewer_f
D:7:      layout_basic, mainiacjoe_overflow_tiny_flanked
D:8:      corexii_shack_village, layout_rooms, nemelex_spade_bored_becter,
          gammafunk_ghost_abyssal_escape, minmay_manual_mail, uniq_erica
Temple:   jpeg_temple_clearing

Skill      XL: |  1  2  3  4  5  6  7  8  9 10 |
---------------+-------------------------------+-----
Ranged Weapons | 5 6 8 9 11 12 | 12.6
Dodging        | 3 4 5 6 7 8 |  8.7
Fighting       | 3 4 5 7 8 |  8.0
Stealth        | |  1.3

Action                     |  1- 3 |  4- 6 |  7- 9 | 10-12 || total
---------------------------+-------+-------+-------+-------++-------
   Fire: Longbow           |    31 |   102 |   133 |    83 ||   349
    Use: Scroll            |     2 |     3 |       |       ||     5
         Potion            |       |       |     1 |     1 ||     2
 Armour: Leather armour    |       |     5 |     6 |       ||    11
  Dodge: Dodged            |       |    14 |    77 |    39 ||   130

Table legend: (Time is in decaauts)
 A = Elapsed time spent in this place.
 B = Non-inter-level travel time spent in this place.
 C = Inter-level travel time spent in this place.
 D = Time resting spent in this place.
 E = Time spent auto-exploring this place.
 F = Levels seen in this place.
 G = Mean time per level.
                   A        B        C        D        E       F      G
               +--------+--------+--------+--------+--------+-----+--------+
         Total |   5069 |   4894 |    175 |    140 |   3850 |  10 |  506.9 |
       Dungeon |   4832 |   4670 |    162 |    140 |   3714 |   8 |  604.0 |
        Temple |     50 |     38 |     12 |      0 |     20 |   1 |   50.0 |
       Ossuary |    186 |    186 |      0 |      0 |    116 |   1 |  186.0 |
               +--------+--------+--------+--------+--------+-----+--------+

Top non-repeatable levels by time:
     D:4: 869 daAuts
     D:5: 730 daAuts
     D:6: 685 daAuts
     D:1: 640 daAuts
     D:8: 610 daAuts
     D:7: 493 daAuts
     D:3: 423 daAuts
     D:2: 379 daAuts
 Ossuary: 186 daAuts
  Temple: 50 daAuts
